 Dungeon Sprint DCSS version 0.21.0-3-g78d12a8 (console) character file.

702 puck the Basher (level 7, -2/74 HPs)
             Began as a Minotaur Berserker on Jan 8, 2018.
             Was a Priest of Trog.
             Shot with a bolt by a yaktaur (21 damage)
             ... in the Dungeon (Sprint II: "The Violet Keep of Menkaure").
             The game lasted 00:07:20 (929 turns).

puck the Basher (Minotaur Berserker)                 Turns: 929, Time: 00:07:20

Health: -2/74      AC:  2    Str: 23    XL:     7   Next: 39%
Magic:  6/6        EV: 15    Int:  4    God:    Trog [***...]
Gold:   243        SH:  0    Dex: 10    Spells: 6/6 levels left

rFire    . . .     SeeInvis .   a - +0 mace
rCold    . . .     Gourm    .   (no shield)
rNeg     . . .     Faith    .   b - +0 animal skin
rPois    .         Spirit   .   (helmet restricted)
rElec    .         Reflect  .   (no cloak)
rCorr    .         Harm     .   (no gloves)
MR       .....     NoTele   +   (no boots)
Stlth    +.........             (no amulet)
HPRegen  0.22/turn              (no ring)
MPRegen  0.10/turn              (no ring)

@: berserk cooldown, very slightly contaminated, slowed, very slow
A: retaliatory headbutt, horns 2
a: Berserk, Trog's Hand, Burn Spellbooks, Renounce Religion


You were in the Dungeon.
You worshipped Trog.
Trog was most pleased with you.
You were not hungry.

You visited 1 branch You collected 243 gold pieces.

Inventory:

Hand Weapons
 a - a +0 mace (weapon)
Armour
 b - a +0 animal skin (worn)
Potions
 d - a potion of curing
 f - a potion of haste
 g - 2 potions of magic
 h - a potion of berserk rage


   Skills:
 * Level 11.5 Fighting
 * Level 11.7 Maces & Flails
 + Level 8.3 Armour
 + Level 7.4 Dodging


You had 6 spell levels left.
You didn't know any spells.

Dungeon Overview and Level Annotations

Branches:
Dungeon (1/1)

Altars:
Cheibriados
Dithmenos
Elyvilon
Fedhas
Gozag
Hepliaklqana
Kikubaaqudgha
Makhleb
Nemelex Xobeh
Okawaru
Qazlal
Ru
Sif Muna
Trog
Uskayaw
Vehumet
Wu Jian
Xom
Yredelemnul
Zin
The Shining One
Beogh
Jiyva
Lugonu


Innate Abilities, Weirdness & Mutations

You reflexively headbutt those who attack you in melee.
You have a pair of horns on your head.


Message History

Found an iron altar of Okawaru and an opulent altar of Gozag.
You feel a strong urge to attack something.
Found a ring mail, a potion of curing, 9 gold pieces, a dagger, 15 poisoned needles and a ration.
You feel yourself speed up.
You are no longer berserk.
Trog's vigour flows through your veins.
You are exhausted.
You feel yourself slow down.
Found 3 scrolls labeled JIRCHI ERHITOSI and a scroll labeled BOLASY GUUC.
Found a scroll labeled RIDIDWOBUG.
The polar bear closely misses you. You furiously retaliate!
You headbutt the polar bear, but do no damage.
The polar bear claws you. The polar bear closely misses you.
The polar bear closely misses you. The polar bear barely misses you.
The polar bear closely misses you.
Okay, then.
Blink to where?
Press: ? - help, Dir - move target cursor You are very lightly contaminated with residual magic.
As you read the scroll of blinking, it crumbles to dust.
The yaktaur shoots a bolt.
The bolt hits you!!
You die... ≈≈§.≈≈ ▒▒'▒▒≈. ▒. ▒.$≈▒▒≈▒▒▒▒ +.▒▒▒ ▒▒.▒....▒ ...▒ ▒▒.▒▒▒▒..▒▒ ▒..▒ .▒ ▒+▒▒▒.▒▒..▒ +..▒ .▒ )(%%

▒▒.▒▒▒▒.▒..▒ ▒..▒ .▒▓!$$$?
+.<.'.▒▒+..▒▒▒▒..▒▒.▒▓$!=[??
▒▒w▒▒...▒....▒▒▒...▒▒▓▓▓▓▓▓▓
▒'▒▒▒.▒▒......≈≈†≈≈≈≈≈≈≈≈≈≈
w▒.
▒▒▒≈≈.....≈▒@▒▒▒▒▒▒▒▒+▒▒▒ ..
..▒≈≈≈≈≈≈≈..≈▒.Ω.Ω.Ω..▒§≈≈▒▒
▒▒.
$▒▒≈≈≈§≈§§≈.≈▒..Ω.Ω.Ω.▒§§≈≈▒
▒▒
▒▒§≈≈§≈≈≈§§≈≈▒.Ω.Ω.Ω.Ω▒≈§≈≈§
≈≈≈≈≈≈≈§≈≈≈≈≈▒Ω.Ωhc.Ω.▒§§≈≈§
+++▒≈§≈≈§§≈§≈▒.Ω.Ω.h..▒t≈§§§
▒▒≈≈≈▒▒▒§≈▒Ω.Ω.Ωw..▒≈≈§§§
▒§≈▒.Ω.Ω..§.▒t§§§
▒≈§▒Ω.Ω.....▒≈§§≈
§≈§▒▒▒▒▒▒▒▒▒▒§§§≈▓
▒▒▒▒≈≈≈≈≈≈≈≈§≈§§§▓
.▒▒▒≈▒▒▒▒▒▒▒▒§▓▓▓▓ ≈▒▒≈ ▓▓
.+


You could see a tyrant leech, 2 polar bears and a yaktaur.

Vanquished Creatures
  A polar bear (D)
  A hornet (D)
  2 neqoxecs (D)
  Menkaure (D)
  3 worms (D)
8 creatures vanquished.

Vanquished Creatures (others)
  2 neqoxecs (D)
  A crocodile (D)
3 creatures vanquished.

Grand Total: 11 creatures vanquished

Notes
Turn   | Place    | Note
-------+----------+-------------------------------------------
     0 | D        | puck the Minotaur Berserker began the quest for the Orb.
     0 | D        | Reached XP level 1. HP: 19/19 MP: 0/0
     1 | D        | Noticed a neqoxec
     2 | D        | Noticed a neqoxec
     5 | D        | Noticed a crimson imp
     5 | D        | Noticed a crimson imp
     7 | D        | Noticed a crimson imp
     9 | D        | Noticed a crimson imp
     9 | D        | Killed a neqoxec
     9 | D        | Reached skill level 5 in Armour
     9 | D        | Reached XP level 2. HP: 21/34 MP: 1/1
     9 | D        | Reached XP level 3. HP: 23/39 MP: 2/2
     9 | D        | Reached XP level 4. HP: 28/47 MP: 3/3
    14 | D        | Killed a neqoxec
    14 | D        | Reached ** piety under Trog
    14 | D        | Reached skill level 5 in Dodging
    14 | D        | Reached XP level 5. HP: 32/57 MP: 4/4
    21 | D        | Killed a crocodile
   108 | D        | Noticed Menkaure
   111 | D        | Killed Menkaure
   111 | D        | Reached XP level 6. HP: 66/66 MP: 5/5
   296 | D        | Reached *** piety under Trog
   298 | D        | Killed a neqoxec
   373 | D        | Noticed a neqoxec
   383 | D        | Found a glowing silver altar of Zin.
   398 | D        | Noticed a tyrant leech
   398 | D        | Noticed a tyrant leech
   855 | D        | Killed a neqoxec
   903 | D        | Found a glowing golden altar of the Shining One.
   903 | D        | Found a basalt altar of Yredelemnul.
   903 | D        | Found a hide-covered altar of Uskayaw.
   904 | D        | Found a shimmering altar of Xom.
   904 | D        | Found a bloodstained altar of Trog.
   904 | D        | Found a radiant altar of Vehumet.
   904 | D        | Found a burning altar of Makhleb.
   905 | D        | Found an ornate altar of the Wu Jian Council.
   905 | D        | Found a deep blue altar of Sif Muna.
   905 | D        | Found a corrupted altar of Lugonu.
   906 | D        | Found a sacrificial altar of Ru.
   906 | D        | Found an ancient bone altar of Kikubaaqudgha.
   906 | D        | Found a white marble altar of Elyvilon.
   907 | D        | Found a stormy altar of Qazlal.
   907 | D        | Found a viscous altar of Jiyva.
   907 | D        | Found a shadowy altar of Dithmenos.
   908 | D        | Found a hazy altar of Hepliaklqana.
   908 | D        | Found a snail-covered altar of Cheibriados.
   909 | D        | Found a roughly hewn altar of Beogh.
   910 | D        | Noticed a polar bear
   911 | D        | Noticed a polar bear
   911 | D        | Found a sparkling altar of Nemelex Xobeh.
   911 | D        | Found a blossoming altar of Fedhas.
   911 | D        | Noticed a polar bear
   912 | D        | Noticed a hornet
   913 | D        | Noticed a yaktaur
   918 | D        | Killed a polar bear
   918 | D        | Reached skill level 10 in Fighting
   918 | D        | Reached XP level 7. HP: 73/73 MP: 6/6
   921 | D        | Killed a hornet
   922 | D        | Found an iron altar of Okawaru.
   922 | D        | Found an opulent altar of Gozag.
   929 | D        | Shot with a bolt by a yaktaur

Skill      XL: |  1  2  3  4  5  6  7 |
---------------+----------------------+-----
Fighting       | 7 9 10 11 | 11.5
Maces & Flails | 7 9 11 | 11.7
Armour         | 5 6 7 8 |  8.3
Dodging        | 4 5 6 7 |  7.4

Action                   |  1- 3 |  4- 6 |  7- 9 || total
-------------------------+-------+-------+-------++-------
Melee: Mace              |     5 |    36 |     3 ||    44
       Headbutt          |     3 |    10 |       ||    13
Invok: Berserk           |     1 |     4 |       ||     5
  Use: Potion            |       |     1 |       ||     1
       Scroll            |       |       |     1 ||     1
  Eat: Chunk             |       |     3 |       ||     3
       Ration            |       |     1 |       ||     1
Armor: Animal skin       |       |     3 |       ||     3
Dodge: Dodged            |     1 |    15 |    15 ||    31
